Unix NetHack Version 5.0.0-0 post-release - last build May  4 2026 22:22:43 (774f63e81ad911689b3a0859ea89b322d5daca8d,branch:main).

Game began 2026-05-05 17:39:09, ended 2026-05-06 00:31:28.

Drastanta, lawful male human Samurai

                            )--------------------------------
                            #|..............................|
                            #|...-----..----.-----+------   |
                            #|...|   ---|..-.|.!!|
                            #|...|      |..|.-.%!|
                            #|...|      |---.--------
                            #|...--+---+-....@......---+-   |
                            #|..............................|
                            #|...........{.--|---- {........|
       ------------         #|.............|.....|     .....|
       |..........|         #|).%.-|---....|..)..|     -- ..|
       |..........|         #|.---- . --|- |..@@.|          |
       |.))^..>....##########|.+    (( .   |.....|
       ------------     #    |.|     /|.   ------|
                        #%##%-%-----------      .--------   |
                             |...............................
                             --------------------------------

Drastanta the Ninja    St:25 Dx:14 Co:18 In:9 Wi:7 Ch:8  Lawful
Dlvl:5  $:331 HP:0(74) Pw:13(13) AC:2  Xp:7 T:6096 

Latest messages:
 Never mind.
 What do you want to take off? [wxO or ?*] ?
 You hear someone cursing shoplifters.
 You finish taking off your gauntlets.
 There appears to be no shopkeeper here to receive your payment.
 What do you want to put on? [A or ?*] A
 A - an uncursed black onyx ring (on right hand).
 What do you want to wear? [x or ?*] x
 You finish your dressing maneuver.
 You already found a monster.  Use 'm' prefix to force another search.
 You hit the water nymph!
 You kill the water nymph!
 There are many objects here.
 F - a crossbow.
 y - 6 apples.
 G - 4 fortune cookies.
 C - an egg.
 R - an egg.
 You have trouble lifting a water nymph corpse.  Continue? [ynq] (q) y
 You have trouble lifting I - a water nymph corpse.
 n - an uncursed ruby potion named ObjD.
 g - a wand of digging.
 j - a wand of speed monster.
 K - a looking glass.
 You rebalance your load.  Movement is difficult.
 There is an altar to Raijin (neutral) here.
 You see here a cursed pair of iron shoes.
 What do you want to sacrifice? [I or ?*] ?
 Your sacrifice is consumed in a flash of light!
 You sense a conflict between Amaterasu Omikami and Raijin.
 You feel the power of Amaterasu Omikami increase.
 The altar glows white.
 The priest of Raijin gets angry!
 "Halt!  You're under arrest!"
 An angry guard is approaching!
 Your movements are now unencumbered.
 The priest of Raijin wields a mace!
 The mace welds itself to the priest of Raijin's hand!
 The priest of Raijin kicks!
 The priest of Raijin casts a spell at you!
 Severe wounds appear on your body!
 You hit the priest of Raijin!
 The priest of Raijin swings his mace.
 The priest of Raijin hits!
 You die...
 Do you want your possessions identified? [ynq] (y) y
 Do you want to see your attributes? [ynq] (y) y
 Do you want an account of creatures vanquished? [ynaq] (y) y
 Do you want to see your conduct and achievements? [ynq] (y) y
 Do you want to see the dungeon overview? [ynq] (y) y

Inventory:
 Coins    ('$')
  $ - 331 gold pieces
 Weapons  (')')
  d - 36 +0 ya
  F - a +1 crossbow
  c - a +0 yumi
  a - a +0 katana (weapon in right hand)
  b - a +0 wakizashi (alternate weapon; not wielded)
 Armor    ('[')
  w - an uncursed +0 orcish helm (being worn)
  x - an uncursed +0 pair of gauntlets of power (being worn)
  O - an uncursed burnt +0 cloak of magic resistance (being worn)
  e - an uncursed rustproof +0 splint mail (being worn)
 Comestibles  ('%')
  y - 6 cursed apples
  r - an uncursed carrot
  q - an uncursed clove of garlic
  G - 4 cursed fortune cookies
  H - 4 cursed gunyoki
  B - 4 cursed oranges
  v - a cursed partly eaten orange
  C - an uncursed egg
  R - a cursed egg
 Scrolls  ('?')
  J - 2 cursed scrolls of earth named Earth
 Potions  ('!')
  z - an uncursed potion of extra healing
  s - 2 uncursed potions of healing
  n - an uncursed potion of object detection named ObjD
  k - 2 potions of holy water
 Rings    ('=')
  A - an uncursed +0 ring of gain constitution (on right hand)
  f - an uncursed ring of teleport control (on left hand)
 Wands    ('/')
  g - a wand of digging (0:5)
  D - a wand of fire (0:5)
  j - a wand of speed monster (0:3)
 Tools    ('(')
  E - an uncursed leash
  K - an uncursed mirror
  L - an uncursed osaku

Drastanta the Samurai's attributes:

Background:
 You were a Ninja, a level 7 male human Samurai.
 You were lawful, on a mission for Amaterasu Omikami
 who was opposed by Raijin (neutral) and Susanowo (chaotic).
 You were right-handed.
 You were in the Gnomish Mines, on level 5.
 You entered the dungeon 6096 turns ago.
 It was the midnight hour.
 You had 1205 experience points, 75 more were needed to attain level 8.

Basics:
 You had 0 out of 74 hit points.
 You had all 13 energy points (spell power).
 Your armor class was 2.
 Your wallet contained 331 zorkmids.
 Autopickup was off.

Final Characteristics:
 Your strength was 25 (base:18, innate limit:18/100).
 Your dexterity was 14 (limit:18).
 Your constitution was 18 (limit:18).
 Your intelligence was 9 (limit:18).
 Your wisdom was 7 (limit:18).
 Your charisma was 8 (limit:18).

Final Status:
 You weren't hungry.
 You were unencumbered.
 You were wielding a long sword.
 You were skilled in long sword.

Final Attributes:
 You were piously aligned.
 You were magic-protected.
 You had teleport control.
 You were warded.
 You were fast.
 You were lucky.
 You are dead.

Miscellaneous:
 You encountered 1 bones level.
 Total elapsed playing time was 3 hours, 52 minutes and 52 seconds.

Major events:
 Turn
    1: Drastanta the lawful male human Samurai entered the dungeon
 1143: attained the rank of Ronin (level 3)
 3037: attained the rank of Ninja (level 6)
 3839: entered Sokoban
 4899: entered the Gnomish Mines
 5893: reached Mine Town
 6096: killed by a priest of Raijin

You didn't know any spells.

Skills:
 Fighting Skills
   martial arts      [Basic]
   two weapon combat [Unskilled]
   riding            [Unskilled]
 Weapon Skills
   dagger            [Unskilled]
   knife             [Unskilled]
   short sword       [Basic]
   broadsword        [Unskilled]
   long sword        [Skilled]
   two-handed sword  [Unskilled]
   saber             [Unskilled]
   flail             [Unskilled]
   quarterstaff      [Unskilled]
   polearms          [Unskilled]
   spear             [Unskilled]
   lance             [Unskilled]
   bow               [Basic]
   shuriken          [Unskilled]
 Spellcasting Skills
   attack spells     [Unskilled]
   divination spells [Unskilled]
   clerical spells   [Unskilled]

Voluntary challenges:
 Character rerolling was not enabled.
 You were illiterate.
 You never genocided any monsters.
 You never polymorphed an object.
 You never changed form.
 You used no wishes.
 You did not violate any of the special Sokoban rules.
Achievements:
 You entered a shop.
 You attained the rank of Ronin.
 You attained the rank of Ninja.
 You entered Sokoban.
 You entered the Gnomish Mines.
 You entered Minetown.
 You entered a temple.

 The Dungeons of Doom: levels 1 to 6
    Level 1:
       A fountain.
    Level 2:
       A food shop, an altar, a fountain, a grave.
       Stairs down to The Gnomish Mines.
    Level 3:
       A grave.
    Level 4:
       An altar to Amaterasu Omikami, a fountain.
       Final resting place for
          sparrow4-Mon-Hum-Mal-Neu, killed by a kitten,
          dababy0-Wiz-Elf-Fem-Cha, killed by a giant bat.
    Level 5:
       Many fountains.
       Oracle of Delphi.
    Level 6:
       A fountain.
       Stairs up to Sokoban, level 5.
 The Gnomish Mines: levels 3 to 5
    Level 3:
    Level 4:
    Level 5: <- You were here.
       A temple and an altar to Amaterasu Omikami, some fountains.
       Final resting place for
          you, killed by a priest of Raijin.
 Sokoban: levels 5 up to 4
    Level 4:
       Unsolved.
    Level 5:
       Unsolved.


Vanquished creatures:
  2 ghosts
  a wolf
  a gnome ruler
  a dingo
  a dog
  a snake
  2 fire ants
 an imp
  2 water nymphs
 an orc shaman
  3 rock piercers
  a pony
  a fog cloud
  a shrieker
  2 violet fungi
  4 gnome leaders
  3 gnomish wizards
  a guardian naga hatchling
  3 elf zombies
  5 giant ants
  3 little dogs
  2 kittens
  2 dwarves
  a kobold leader
  a kobold shaman
  4 rothes
  2 giant bats
  3 orc zombies
  2 wererats
  a werejackal
  3 iguanas
  2 acid blobs
  2 coyotes
  2 gas spores
  a hobbit
  2 manes
  a large kobold
  3 hobgoblins
  4 giant rats
  a brown mold
  2 yellow molds
  a green mold
  3 red molds
 23 gnomes
 11 garter snakes
  a gnome zombie
  3 geckos
  6 jackals
  2 foxes
  2 kobolds
  4 goblins
  5 grid bugs
  3 bats
  4 lichens
  4 kobold zombies
  9 newts
162 creatures vanquished.

No species were genocided or became extinct.

Game over:
                       ----------
                      /          \
                     /    REST    \
                    /      IN      \
                   /     PEACE      \
                  /                  \
                  |    Drastanta     |
                  |      331 Au      |
                  |   killed by a    |
                  | priest of Raijin |
                  |                  |
                  |                  |
                  |       2026       |
                 *|     *  *  *      | *
        _________)/\\_//(\/(/\)/\//\/|_)_______

Sayonara Drastanta the Samurai...

You died in The Gnomish Mines on dungeon level 5 with 5368 points,
and 331 pieces of gold, after 6096 moves.
You were level 7 with a maximum of 74 hit points when you died.

